 Dungeon Crawl Stone Soup version 0.19-a0-1071-g4ed3155 (webtiles) character file.

2219 4thArraOfDagon the Cleaver (level 9, -13/81 HPs)
             Began as a Minotaur Berserker on Aug 5, 2016.
             Was a Priest of Trog.
             Mangled by a komodo dragon (19 damage)
             ... on level 9 of the Dungeon.
             The game lasted 00:08:31 (1538 turns).

4thArraOfDagon the Cleaver (Minotaur Berserker)     Turns: 1538, Time: 00:08:31

Health: -13/81     AC:  6    Str: 25    XL:     9   Next: 13%
Magic:  17/17      EV: 11    Int:  4    God:    Trog [***...]
Gold:   305        SH:  0    Dex: 10    Spells: 0 memorised, 8 levels left

rFire  . . .     SeeInvis .     a - +0 hand axe
rCold  . . .     Gourm    +     h - +0 ring mail (curse)
rNeg   . . .     Faith    .     (no shield)
rPois  .         Spirit   .     (helmet restricted)
rElec  .         Dismiss  .     (no cloak)
rCorr  +         Reflect  .     (no gloves)
SustAt .         Harm     .     (no boots)
MR     ++...                    l - amulet of the gourmand
Stlth  ..........               o - ring of resist corrosion
                                e - ring of magical power (curse)

@: regenerating
A: retaliatory headbutt, horns 2
a: Berserk, Trog's Hand, Burn Spellbooks, Renounce Religion


You were on level 9 of the Dungeon.
You worshipped Trog.
Trog was most pleased with you.
You were not hungry.

You visited 1 branch of the dungeon, and saw 9 of its levels.
You also visited: Ossuary.

You collected 305 gold pieces.

Inventory:

Hand Weapons
 a - a +0 hand axe (weapon)
Armour
 b - a +0 animal skin
 h - a cursed +0 ring mail (worn)
 m - a +0 scale mail
 p - a +0 plate armour
Jewellery
 e - a cursed ring of magical power (left hand)
 l - an amulet of the gourmand (around neck)
 o - a ring of resist corrosion (right hand)
Scrolls
 d - a scroll of noise
 g - 3 scrolls of teleportation
 q - a scroll of amnesia {unknown}
 r - a scroll of remove curse {unknown}
 s - a scroll of fear {unknown}
Potions
 i - 3 potions of curing {unknown}
 j - a potion of agility {unknown}
 n - a potion of mutation {unknown}
Comestibles
 c - 4 bread rations
 f - 2 beef jerkies
 k - a meat ration


   Skills:
 + Level 8.2 Fighting
 * Level 10.7 Axes
 + Level 7.6 Armour
 - Level 2.1 Dodging


You had 8 spell levels left.
You didn't know any spells.

Dungeon Overview and Level Annotations

Branches:
Dungeon (9/15)             Temple (0/1) D:6            Lair (0/6) D:9
    Orc: D:9-12

Altars:
Dithmenos
Sif Muna

Annotations:
D:7 Duvessa, Joseph


Innate Abilities, Weirdness & Mutations

You reflexively headbutt those who attack you in melee.
You have a pair of horns on your head.


Message History

The crimson imp shouts, "Slither home, thou bumbling spur-galled wormtrail!"
The crimson imp blinks!
You see here 11 gold pieces.
You now have 305 gold pieces (gained 11).
You feel yourself speed up.
The crimson imp sputters.
The crimson imp blinks!
The komodo dragon bites you!
You feel less exhausted. The komodo dragon bites you!
Unknown command.
The komodo dragon bites you!!
* * * LOW HITPOINT WARNING * * *
Unknown command.
Unknown command.
Okay, then.
Your skin crawls.
You feel resistant to hostile enchantments.
You feel somewhat more hungry. The komodo dragon bites you!!
You die...

##...PPP..>.PP#
#.....PPP..PPP#
#........PPPPP#
#.#......PPP.P#
#5##...P..P5. #.#
##..... ### #.#
#5.## #.#
#l#####'### #.#
#.@......)####<#
##......))'.##'####
+........#.#......
#........#.#......
#........#.#......
#........#.'......
####+#######(.....
###+###


You could see a komodo dragon and a crimson imp.

Vanquished Creatures
  Grinder (D:3)
  A two-headed ogre (D:7)
  A wyvern (D:8)
  A hungry ghost (D:8)
  Grum (D:8)
  An orc warrior (D:6)
  A wasp (D:8)
  An ogre (D:8)
  2 wolves (D:8)
  A giant frog (D:5)
  2 scorpions
  A howler monkey (D:4)
  2 crimson imps (D:8)
  A quasit (D:8)
  3 orc priests (D:8)
  A gnoll shaman (D:8)
  11 orc wizards
  A giant frog skeleton (D:4)
  2 worker ants
  4 gnolls (D:8)
  2 worker ant zombies (D:8)
  4 adders
  2 adder skeletons (D:5)
  A worm (D:1)
  2 giant geckos (D:1)
  22 orcs
  A giant cockroach (D:3)
  4 goblins
  3 hobgoblins
  4 kobolds
  A quokka (D:4)
  6 bats
  2 giant newts
  2 quokka zombies (D:6)
  4 rats
99 creatures vanquished.

Vanquished Creatures (others)
  An orc wizard (D:8)
  A plant (D:9)
2 creatures vanquished.

Grand Total: 101 creatures vanquished

Notes
Turn   | Place    | Note
-------+----------+-------------------------------------------
     0 | D:1      | 4thArraOfDagon the Minotaur Berserker began the quest for the Orb.
     0 | D:1      | Reached XP level 1. HP: 19/19 MP: 0/0
     1 | D:1      | Noticed an elf
     2 | D:1      | Noticed a troll
     4 | D:1      | Noticed a felid
     6 | D:1      | Noticed a formicid
     6 | D:1      | Noticed a human
     8 | D:1      | Noticed a demigod
     8 | D:1      | Noticed an octopode
    10 | D:1      | Noticed a gargoyle
    10 | D:1      | Noticed a spriggan
    12 | D:1      | Noticed a vine stalker
    12 | D:1      | Noticed a draconian
    14 | D:1      | Noticed a vampire
    16 | D:1      | Noticed a naga
    16 | D:1      | Noticed a demonspawn
    18 | D:1      | Noticed a halfling
    20 | D:1      | Noticed a centaur
    22 | D:1      | Noticed an ogre
    22 | D:1      | Noticed a ghoul
    24 | D:1      | Noticed a minotaur
    24 | D:1      | Noticed a merfolk
    26 | D:1      | Noticed a tengu
    26 | D:1      | Noticed a dwarf
    72 | D:1      | Reached skill level 4 in Axes
    72 | D:1      | Reached XP level 2. HP: 17/27 MP: 1/1
   282 | D:2      | Reached XP level 3. HP: 20/33 MP: 2/2
   345 | D:3      | Noticed Grinder
   379 | D:1      | Reached ** piety under Trog
   414 | D:3      | Killed Grinder
   414 | D:3      | Reached skill level 5 in Fighting
   414 | D:3      | Reached skill level 6 in Axes
   414 | D:3      | Reached XP level 4. HP: 9/42 MP: 3/3
   414 | D:3      | Reached XP level 5. HP: 11/48 MP: 4/4
   483 | D:4      | Noticed a phantom
   489 | D:3      | You fall through a shaft!
   493 | D:4      | Reached XP level 6. HP: 36/56 MP: 5/5
   560 | D:5      | Entered Level 5 of the Dungeon
   569 | D:5      | Found a shadowy altar of Dithmenos.
   625 | D:5      | Reached skill level 7 in Axes
   678 | D:5      | Reached XP level 7. HP: 62/62 MP: 6/6
   736 | D:6      | Reached skill level 5 in Armour
   760 | D:6      | Found a sand-covered staircase.
   764 | Ossuary  | Entered an ossuary
   792 | D:6      | Found a staircase to the Ecumenical Temple.
   803 | D:7      | Noticed a two-headed ogre
   810 | D:7      | Killed a two-headed ogre
   810 | D:7      | Reached skill level 8 in Axes
   864 | D:7      | Noticed Joseph
   865 | D:7      | Noticed Duvessa
   870 | D:7      | You fall through a shaft!
   919 | D:8      | Noticed a wyvern
   928 | D:8      | Reached XP level 8. HP: 53/71 MP: 7/7
   935 | D:8      | Reached skill level 9 in Axes
  1179 | D:8      | Noticed Grum
  1198 | D:8      | Killed Grum
  1203 | D:8      | Reached skill level 10 in Axes
  1246 | D:8      | Reached *** piety under Trog
  1271 | D:8      | Found a deep blue altar of Sif Muna.
  1423 | D:8      | Reached XP level 9. HP: 58/81 MP: 8/8
  1515 | D:9      | Found a staircase to the Lair.
  1515 | D:9      | Noticed a komodo dragon
  1531 | D:9      | HP: 3/81 [komodo dragon (23)]
  1538 | D:9      | Mangled by a komodo dragon

Vault maps used:
D:1:      kb_arrival_jail
D:3:      cheibriados_altar_1, portal_sewer_entry_b, uniq_terence, uniq_jessica,
          uniq_grinder
D:5:      kennysheep_mini_moat, yredelemnul_altar_generic,
          overflow_temple_1_default, first_bread, uniq_edmund
D:6:      tso_oasis_becter, gammafunk_temple_overflow_elements, enter_ossuary_4
D:7:      old_standard_altar, serial_shops, shop, grunt_ministairs_7,
          uniq_joseph, uniq_prince_ribbit1, uniq_duvessa,
          uniq_crazy_yiuf_cottage
D:8:      lemuel_coloured_pillars_altar, uniq_grum
D:9:      okawaru_altar_gauntlet_db, nicolae_overflow_hidden_temple,
          david_lair_shrubbed
Ossuary:  ossuary_minmay_scorpions

Skill      XL: |  1  2  3  4  5  6  7  8 |
---------------+-------------------------+-----
Axes           | 4 6 7 8 10 | 10.7
Fighting       | 4 5 6 8 |  8.2
Armour         | 4 5 7 |  7.6
Dodging        | |  2.1

Action                   |  1- 3 |  4- 6 |  7- 9 || total
-------------------------+-------+-------+-------++-------
Melee: Hand axe          |    52 |    40 |   158 ||   250
       Headbutt          |     8 |     3 |    32 ||    43
Invok: Berserk           |     2 |     3 |     7 ||    12
       Trog's Hand       |       |     2 |    10 ||    12
  Use: Scroll            |       |       |     3 ||     3
  Eat: Chunk             |       |    12 |    16 ||    28
Armor: Animal skin       |     4 |       |       ||     4
       Ring mail         |     5 |    25 |    47 ||    77
Dodge: Dodged            |    35 |    34 |    84 ||   153
